 Dungeon Crawl Stone Soup version 0.28-b1-25-g9875b3fc8c (webtiles) character file.

Game seed: 6220239297547131758

2428 lordive the Summoner (level 9, -3/46 HPs)
             Began as a Tengu Summoner on Jan 31, 2022.
             Was an Initiate of Sif Muna.
             Killed by an exploding themself (49 damage)
             ... ignited by their inner flame
             ... on level 7 of the Dungeon.
             The game lasted 00:19:12 (9160 turns).

lordive the Summoner (Tengu Summoner)               Turns: 9160, Time: 00:19:13

Health: -3/46      AC:  3    Str:  9    XL:     9   Next: 48%
Magic:  9/21       EV: 30    Int: 20    God:    Sif Muna [......]
Gold:   397        SH:  0    Dex: 14    Spells: 13/22 levels left

rFire   . . .      SeeInvis .   p - +2 whip (drain)
rCold   . . .      Faith    .   (no shield)
rNeg    . . .      Spirit   .   a - +0 robe
rPois   .          Reflect  .   (helmet restricted)
rElec   .          Harm     .   (no cloak)
rCorr   .          Rampage  .   c - +0 pair of gloves
Will    .....                   (boots unavailable)
Stlth   ++........              s - amulet of the acrobat
HPRegen 0.15/turn               (no ring)
MPRegen 0.17/turn               (no ring)

@: acrobatic, flying quickly and evasively, quick
A: beak, talons 3, nimble flight
a: Renounce Religion


You were on level 7 of the Dungeon.
You worshipped Sif Muna.
Sif Muna was noncommittal.
You visited 2 branches of the dungeon, and saw 8 of its levels.

You collected 397 gold pieces.

Inventory:

Hand Weapons
 p - a +2 whip of draining (weapon)
 r - a +2 vorpal long sword
Armour
 a - a +0 robe (worn)
 c - a +0 pair of gloves (worn)
Jewellery
 s - an amulet of the acrobat (around neck)
Wands
 o - a wand of iceblast (6)
 x - a wand of polymorph (1)
Scrolls
 b - a scroll of fog {unknown}
 e - a scroll of holy word {unknown}
 g - 3 scrolls of immolation {unknown}
 h - a scroll of enchant weapon {unknown}
 i - 2 scrolls of vulnerability {unknown}
 k - 2 scrolls of summoning {unknown}
 l - a scroll of noise {unknown}
 m - 10 scrolls of identify {unknown}
 n - 3 scrolls of teleportation {unknown}
 t - a scroll of fear {unknown}
 v - a scroll of torment {unknown}
Potions
 d - a potion of heal wounds {unknown}
 f - 3 potions of haste {unknown}
 j - a potion of ambrosia {unknown}
 q - a potion of mutation {unknown}
 u - 2 potions of curing {unknown}
 w - a potion of brilliance {unknown}


   Skills:
 + Level 0.6 Fighting
 + Level 2.7 Dodging
 - Level 2.0 Stealth
 + Level 7.4 Spellcasting
 + Level 0.7 Hexes
 * Level 12.2 Summonings


You had 13 spell levels left.
You knew the following spells:

 Your Spells              Type           Power      Damage    Failure   Level
a - Summon Small Mammal   Summ           100%       N/A       1%          1
b - Call Imp              Summ           54%        N/A       1%          2
c - Call Canine Familiar  Summ           54%        N/A       1%          3
d - Summon Guardian Gole  Hex/Summ       33%        N/A       1%          3

Your spell library contained the following spells:

 Spells                   Type           Power      Damage    Failure   Level
 Summon Lightning Spire   Summ/Air       31%        N/A       8%          4
 Apportation              Tloc           14%        N/A       9%          1
 Blink                    Tloc           14%        N/A       14%         2
 Static Discharge         Conj/Air       7%         N/A       14%         2
 Lesser Beckoning         Tloc           7%         N/A       26%         3
 Dispel Undead            Necr           7%         3d8       65%         4
 Sticky Flame             Conj/Fire      7%         2d3       65%         4
 Alistair's Intoxication  Tmut/Pois      4%         N/A       94%         5
 Manifold Assault         Tloc           7%         N/A       94%         5


Dungeon Overview and Level Annotations

Branches:
Dungeon (7/15)             Temple (1/1) D:6

Altars:
Ashenzari
Cheibriados
Dithmenos
Fedhas
Gozag
Hepliaklqana
Kikubaaqudgha
Makhleb
Nemelex Xobeh
Qazlal
Ru
Sif Muna
Trog
Uskayaw
Vehumet
Wu Jian
Xom
Yredelemnul
Zin
The Shining One

Shops:
D:1 :

Annotations:
D:7 2 transporters, chmiii's ghost, novice HOFi


Innate Abilities, Weirdness & Mutations

You have a beak for a mouth.
You have claws for feet.
Your magical nature lets you fly swiftly and evasively.


Message History

Confirm with . or Enter, or press ? or * to list all spells.
The acid dragon bites your guardian golem.
The acid dragon claws your guardian golem.
Your crimson imp hits the acid dragon.
Unknown command.
Casting: Summon Small Mammal (safe; 1% risk of failure)
Confirm with . or Enter, or press ? or * to list all spells.
Nothing appears to happen.
The acid dragon bites your guardian golem.
The acid dragon barely misses your guardian golem.
Your crimson imp closely misses the acid dragon.
What are your orders? t - Shout!
Orders for allies: a - Attack new target. p - Attack previous target. r - Retreat! s - Stop attacking. g - Guard the area. f - Follow me.
Anything else - Cancel.
Gang up on whom?
Press: ? - help, Dir - move target, f/p - acid dragon
Aim: an acid dragon (lightly wounded, ally target) Attack!
The acid dragon bites your guardian golem but does no damage.
The acid dragon barely misses your guardian golem.
Your crimson imp hits the acid dragon but does no damage.
The acid dragon spits acid at you.
The splash of acid hits your guardian golem!!
Your crimson imp barely misses the acid dragon.
Your guardian golem overheats!
The acid dragon spits acid at you.
The splash of acid hits your guardian golem!
Your guardian golem disappears in a puff of smoke!
Your guardian golem explodes!
The fiery explosion engulfs the acid dragon!!!
The acid dragon dies!
Sif Muna accepts your kill.
The fiery explosion engulfs your crimson imp.
Your crimson imp completely resists.
The fiery explosion engulfs you!!!
Ouch! That really hurt!
You die...

.≈ #≈≈#≈.#.#
#. #≈≈≈≈.#.#
.≈ #≈.##.#.#
#.##≈h..)#.#
#§#≈≈###.#.#
##'##≈≈##9#.#
#≈≈≈##r##.#.#
#≈§#h##.#.#
##5§@##.#.#
######.#.#
#.#.# #.#.#
#.#.# #.#.#
#.#.# #.#.#
#.#.#


You could see a friendly wolf (summoned, sheltered), a friendly crimson imp
(summoned, sheltered) and a friendly quokka (summoned, sheltered).

Vanquished Creatures (collateral kills)
  Eustachio (D:6)
  2 water moccasins
  A hornet zombie (D:5)
  2 necrophages (D:6)
  A black bear (D:5)
  4 ogres
  A sky beast (D:5)
  2 centaurs
  A phantom (D:6)
  A kobold brigand (D:6)
  A bullfrog (D:6)
  A scorpion (D:6)
  2 wights (D:7)
  A centaur zombie (D:5)
  A bullfrog skeleton (D:3)
  An orc priest (D:4)
  A jelly (D:6)
  4 hounds (D:5)
  A centaur skeleton (D:3)
  3 iguanas
  3 orc wizards
  4 gnolls (D:3)
  5 adders
  A worm (D:2)
  A dart slug (D:1)
  8 orcs
  6 endoplasms
  8 giant cockroaches
  9 goblins
  6 hobgoblins
  10 jackals
  9 kobolds
  6 quokkas
  3 ball pythons
  5 bats
  9 rats
125 creatures vanquished.

Vanquished Creatures (others)
  2 acid dragons (D:7)
  A wyvern zombie (D:7)
  A wight (D:7)
4 creatures vanquished.

Grand Total: 129 creatures vanquished

Notes
Turn   | Place    | Note
-------+----------+-------------------------------------------
     0 | D:1      | lordive the Tengu Summoner began the quest for the Orb.
     0 | D:1      | Reached XP level 1. HP: 10/10 MP: 4/4
    37 | D:1      | Reached skill level 5 in Summonings
    88 | D:1      | Reached XP level 2. HP: 15/15 MP: 0/6
   268 | D:1      | Learned a level 2 spell: Call Imp
   741 | D:1      | Found Koilaaba's Book Shoppe.
   777 | D:1      | Reached XP level 3. HP: 16/19 MP: 0/7
   978 | D:1      | Learned a level 3 spell: Call Canine Familiar
  1203 | D:1      | Found a faded altar of an unknown god.
  1540 | D:2      | Reached skill level 6 in Summonings
  2012 | D:2      | Reached XP level 4. HP: 20/24 MP: 3/8
  2364 | D:3      | Found a basalt altar of Yredelemnul.
  2477 | D:3      | Gained mutation: Your magical nature lets you fly swiftly
                  | and evasively. [Tengu growth]
  2477 | D:3      | Reached XP level 5. HP: 20/28 MP: 3/10
  2882 | D:3      | Reached skill level 7 in Summonings
  3404 | D:3      | Found a bloodstained altar of Trog.
  3801 | D:4      | Noticed an ogre
  3808 | D:4      | Killed an ogre
  3809 | D:4      | Reached XP level 6. HP: 33/33 MP: 5/12
  4625 | D:4      | Learned a level 3 spell: Summon Guardian Golem
  4738 | D:4      | Reached skill level 8 in Summonings
  4738 | D:4      | Reached XP level 7. HP: 37/37 MP: 0/14
  5261 | D:5      | Entered Level 5 of the Dungeon
  5814 | D:5      | Reached skill level 9 in Summonings
  5861 | D:5      | Reached skill level 5 in Spellcasting
  5976 | D:5      | Reached XP level 8. HP: 42/42 MP: 0/16
  6467 | D:5      | Reached skill level 10 in Summonings
  6757 | D:5      | Found a snail-covered altar of Cheibriados.
  7259 | D:6      | Identified the +8 scale mail of the Eight Knaves {Will+}
  7332 | D:6      | Noticed Eustachio
  7352 | D:6      | Killed Eustachio
  7417 | D:6      | Found a sacrificial altar of Ru.
  7474 | D:6      | Found a staircase to the Ecumenical Temple.
  7638 | D:6      | Reached skill level 11 in Summonings
  7800 | D:6      | Reached XP level 9. HP: 46/46 MP: 15/19
  8594 | Temple   | Entered the Ecumenical Temple
  8748 | Temple   | Became a worshipper of Sif Muna the Loreminder
  8772 | D:7      | Found a transporter.
  8780 | D:7      | Found a transporter.
  8784 | D:7      | Noticed chmiii's ghost (novice HOFi)
  9080 | D:7      | Reached skill level 12 in Summonings
  9160 | D:7      | Killed by an exploding themself... ignited by their inner
                  | flame

Illustrated notes

Levels and vault maps discovered:
D:1:      matt_arrival_los_fun, layout_rooms, serial_shops, shop,
          shapermc_ecumenical_altar_totnotflames
D:2:      layout_basic, minmay_misc_feat_enclosed, minmay_goblin_kobold_house
D:3:      layout_loops_ring, mainiacjoe_overflow_alcove_4,
          nicolae_overflow_hidden_temple, portal_sewer_entry_b,
          kennysheep_generic_room_6
D:4:      layout_basic
D:5:      layout_loops_ring, lemuel_doored_altar
D:6:      minmay_skewed_foursquare, layout_basic, nicolae_ru_awakened_eye,
          minmay_temple_entry_statues_pillars, wad_floor_pattern_untrapped,
          eino_small_chamber_without_monster, uniq_eustachio
D:7:      layout_rooms, gammafunk_ghost_stat_death, serial_corexii_hall,
          corexii_hall_statues_s, corexii_hall_statues_u, minmay_manual_mullet,
          uniq_menkaure
Temple:   nicolae_temple_elliptical

Skill      XL: |  1  2  3  4  5  6  7  8  9 |
---------------+----------------------------+-----
Summonings     | 5 6 7 8 9 11 12 | 12.2
Spellcasting   | 3 4 5 6 7 |  7.4
Fighting       | |  0.6
Dodging        | |  2.7
Stealth        | |  2.0
Hexes          | |  0.7

Action                   |  1- 3 |  4- 6 |  7- 9 || total
-------------------------+-------+-------+-------++-------
Melee: Unarmed           |     1 |       |       ||     1
       Kick              |     1 |       |       ||     1
 Cast: Summon Small Mamm |    49 |    26 |    40 ||   115
       Call Imp          |    18 |    14 |    21 ||    53
       Call Canine Famil |     5 |    21 |    31 ||    57
       Summon Guardian G |       |       |    14 ||    14
Armor: Robe              |    35 |     8 |     2 ||    45
Dodge: Dodged            |    49 |    42 |    55 ||   146
